 Dungeon Crawl Stone Soup version 0.29-a0-330-g52719c12eb (webtiles) character file.

Game seed: 4681333407146420537

245 Crownlay the Firebug (level 6, -5/44 HPs)
             Began as a Gnoll Fire Elementalist on May 3, 2022.
             Slain by a hobgoblin
             ... wielding the +9 dagger "Beetlebane" {elec, Fragile rF- rN+++ Dex+3}
              (15 damage)
             ... on level 3 of the Dungeon.
             The game lasted 00:06:36 (2847 turns).

Crownlay the Firebug (Gnoll Fire Elementalist)      Turns: 2847, Time: 00:06:37

Health: -5/44      AC:  3    Str:  7    XL:     6   Next: 10%
Magic:  12/13      EV: 13    Int: 17    God:
Gold:   127        SH:  0    Dex: 12    Spells: 9/15 levels left

rFire   . . .      SeeInvis .   h - +2 whip (freeze)
rCold   . . .      Faith    .   (no shield)
rNeg    . . .      Spirit   .   a - +0 robe
rPois   .          Reflect  .   r - +0 hat
rElec   .          Harm     .   (no cloak)
rCorr   .          Rampage  .   e - +0 pair of gloves
Will    .....                   (no boots)
Stlth   +++.......              (no amulet)
HPRegen 0.14/turn               (no ring)
MPRegen 0.13/turn               (no ring)

@: no status effects
A: fangs 1, strong nose, distributed training
a: no special abilities


You were on level 3 of the Dungeon.
You visited 1 branch of the dungeon, and saw 3 of its levels.

You collected 154 gold pieces.
You spent 27 gold pieces at shops.

Inventory:

Hand Weapons
 h - a +2 whip of freezing (weapon)
Armour
 a - a +0 robe (worn)
 e - a +0 pair of gloves (worn)
 r - a +0 hat (worn)
Magical Staves
 l - a staff of earth
Scrolls
 c - 3 scrolls of teleportation {unknown}
 j - 4 scrolls of identify {unknown}
 k - a scroll of blinking {unknown}
 m - a scroll of acquirement {unknown}
 n - 2 scrolls of fog {unknown}
 p - a scroll of summoning {unknown}
Potions
 b - a potion of magic
 d - a potion of degeneration {unknown}
 f - a potion of flight {unknown}
 g - a potion of lignification {unknown}
 i - a potion of curing {unknown}
 o - a potion of might {unknown}
 q - a potion of ambrosia {unknown}


   Skills:
 + Level 1.8 Fighting
 + Level 1.8 Short Blades
 + Level 1.8 Long Blades
 + Level 1.8 Axes
 + Level 1.8 Maces & Flails
 + Level 1.8 Polearms
 + Level 1.8 Staves
 + Level 1.8 Slings
 + Level 1.8 Bows
 + Level 1.8 Crossbows
 + Level 1.8 Throwing
 + Level 1.8 Armour
 + Level 4.9 Dodging
 + Level 4.5 Stealth
 + Level 1.8 Shields
 + Level 1.8 Unarmed Combat
 + Level 5.3 Spellcasting
 + Level 2.5 Conjurations
 + Level 1.4 Hexes
 + Level 1.4 Summonings
 + Level 1.4 Necromancy
 + Level 1.4 Translocations
 + Level 1.4 Transmutations
 + Level 5.6 Fire Magic
 + Level 1.4 Ice Magic
 + Level 1.4 Air Magic
 + Level 1.4 Earth Magic
 + Level 1.4 Poison Magic
 + Level 2.0 Invocations
 + Level 1.8 Evocations


You had 9 spell levels left.
You knew the following spells:

 Your Spells              Type           Power      Damage    Failure   Level
a - Foxfire               Conj/Fire      72%        2x1d7     2%          1
b - Scorch                Fire           46%        2d7       1%          2
c - Inner Flame           Hex/Fire       16%        N/A       10%         3

Your spell library contained the following spells:

 Spells                   Type           Power      Damage    Failure   Level
 Conjure Flame            Conj/Fire      18%        6-21      8%          3
 Flame Wave               Conj/Fire      18%        2d6       26%         4


Dungeon Overview and Level Annotations

Branches:
Dungeon (3/15)

Altars:

Shops:
D:1 ((*[[


Innate Abilities, Weirdness & Mutations

You have very sharp teeth.
Your uncanny sense of smell can sniff out nearby items.
Your experience applies equally to all skills.


Message History

Deactivating autopickup; reactivate with Ctrl-A.
You barely miss something. Your punch misses something.
Your bite misses something. Something hits you.
You closely miss something. Something hits you but does no damage.
You barely miss something. Your bite misses something.
You hear some strange, mumbled words.
You are more confused.
The hobgoblin throws a poisoned dart.
The poisoned dart closely misses you.
You miss something. Something hits you.
You bump into the rock wall.
Something hits you.
You miss something.
You hear some strange, mumbled words.
A puff of flame appears from out of thin air!
The puff of flame hits you!
The hobgoblin throws a poisoned dart.
The poisoned dart barely misses you.
You bump into the rock wall.
Something completely misses you.
You bump into the rock wall.
The hobgoblin throws a poisoned dart.
You hear some strange, mumbled words.
A puff of flame appears from out of thin air!
The puff of flame hits you!
You bump into the rock wall.
Something hits you. Something hits you.
You feel less confused.
You hear some strange, mumbled words.
A puff of flame appears from out of thin air!
The puff of flame hits you.
* * * LOW HITPOINT WARNING * * *
Casting: Foxfire (safe; 2% risk of failure)
Confirm with . or Enter, or press ? or * to list all spells.
You conjure some foxfire!
Reactivating autopickup.
You feel a bit more experienced.
An orc comes into view. It is wielding a +0 war axe.
You hit the hobgoblin. You freeze the hobgoblin.
Your bite misses the hobgoblin.
The hobgoblin is almost dead.
The foxfire hits the hobgoblin but does no damage.
The hobgoblin is almost dead.
The hobgoblin hits you with the +9 dagger "Beetlebane" {elec, Fragile rF- rN+++ Dex+3}!
You die...

+. #.
.#.#.#.#.. . ..
#.#.#.#.#.#.#.
#. .#
#.#.#.#.#<#.#..
.#. .# #.#..
....#.#.#. #.#.
.# #.#o.
...#.#.#..
..... .#.#.#
..........
......#.#.#
.#......
........g#
#......
......##@#
#...... .....
#v# #......
.... #.#
#...... #.# #.#
#...... # ##.##
#####.. #...#
#.. ###.# ##.
#.# #. #.# #.


You could see an orc and a hobgoblin (ally target).

Vanquished Creatures
  Sigmund (D:2)
  An adder (D:2)
  3 dart slugs
  3 endoplasms
  A giant cockroach (D:2)
  5 goblins
  6 hobgoblins
  6 jackals
  3 kobolds
  4 quokkas
  6 ball pythons (D:1)
  6 bats
  2 rats (D:2)
47 creatures vanquished.

Vanquished Creatures (others)
  An orc wizard (D:3)
  147 foxfires
148 creatures vanquished.

Grand Total: 195 creatures vanquished

Notes
Turn   | Place    | Note
-------+----------+-------------------------------------------
     0 | D:1      | Crownlay the Gnoll Fire Elementalist began the quest for
                  | the Orb.
     0 | D:1      | Reached XP level 1. HP: 13/13 MP: 6/6
   286 | D:1      | Found Vezaup's Weapon Emporium.
   292 | D:1      | Reached XP level 2. HP: 19/19 MP: 2/7
   295 | D:1      | Learned a level 2 spell: Scorch
   695 | D:1      | Reached XP level 3. HP: 25/25 MP: 1/9
   806 | D:1      | Reached skill level 5 in Spellcasting
   885 | D:1      | Found Ushrah's Assorted Antiques.
   913 | D:1      | Found Syell's Weapon Boutique.
   922 | D:1      | Bought a scroll labelled JALEUR SUISIV for 27 gold pieces
   935 | D:1      | Found Xaseb's Armour Shop.
  1068 | D:1      | Found Mofiff's Antique Armour Shop.
  1344 | D:2      | Learned a level 3 spell: Inner Flame
  1351 | D:2      | Reached skill level 1 in Invocations
  1775 | D:2      | Found a faded altar of an unknown god.
  1869 | D:2      | Reached skill level 1 in Fighting
  1869 | D:2      | Reached skill level 1 in Short Blades
  1869 | D:2      | Reached skill level 1 in Long Blades
  1869 | D:2      | Reached skill level 1 in Axes
  1869 | D:2      | Reached skill level 1 in Maces & Flails
  1869 | D:2      | Reached skill level 1 in Polearms
  1869 | D:2      | Reached skill level 1 in Staves
  1869 | D:2      | Reached skill level 1 in Slings
  1869 | D:2      | Reached skill level 1 in Bows
  1869 | D:2      | Reached skill level 1 in Crossbows
  1869 | D:2      | Reached skill level 1 in Throwing
  1869 | D:2      | Reached skill level 1 in Armour
  1869 | D:2      | Reached skill level 1 in Shields
  1869 | D:2      | Reached skill level 1 in Unarmed Combat
  1869 | D:2      | Reached skill level 1 in Evocations
  2026 | D:2      | Noticed Sigmund
  2036 | D:2      | Killed Sigmund
  2037 | D:2      | Reached skill level 1 in Hexes
  2037 | D:2      | Reached skill level 1 in Summonings
  2037 | D:2      | Reached skill level 1 in Necromancy
  2037 | D:2      | Reached skill level 1 in Translocations
  2037 | D:2      | Reached skill level 1 in Transmutations
  2037 | D:2      | Reached skill level 1 in Ice Magic
  2037 | D:2      | Reached skill level 1 in Air Magic
  2037 | D:2      | Reached skill level 1 in Earth Magic
  2037 | D:2      | Reached skill level 1 in Poison Magic
  2037 | D:2      | Reached XP level 4. HP: 17/33 MP: 6/11
  2037 | D:2      | Reached XP level 5. HP: 19/38 MP: 6/12
  2669 | D:3      | Reached XP level 6. HP: 44/44 MP: 9/13
  2832 | D:3      | Identified the +9 dagger "Beetlebane" {elec, Fragile rF-
                  | rN+++ Dex+3}
  2847 | D:3      | Slain by a hobgoblin

Illustrated notes

Levels and vault maps discovered:
D:1:      minmay_arrival_floating_metal, layout_basic, serial_shops,
          nicolae_shop_window_shopping, shop, nicolae_shop_stone,
          nicolae_shop_statue_plus, shop, nrook_mini_vaults
D:2:      minmay_door_path, layout_basic, ebering_ecumenical_altar_webs,
          minmay_small_reverse_x, uniq_sigmund
D:3:      layout_basic, lemuel_doored_altar, mainiacjoe_overflow_catwalk_spiral,
          minmay_crystal_water

Skill      XL: |  1  2  3  4  5  6 |
---------------+-------------------+-----
Conjurations   | 2 |  2.5
Spellcasting   | 5 |  5.3
Invocations    | 1 2 |  2.0
Fighting       | 1 |  1.8
Short Blades   | 1 |  1.8
Long Blades    | 1 |  1.8
Axes           | 1 |  1.8
Maces & Flails | 1 |  1.8
Polearms       | 1 |  1.8
Staves         | 1 |  1.8
Slings         | 1 |  1.8
Bows           | 1 |  1.8
Crossbows      | 1 |  1.8
Throwing       | 1 |  1.8
Armour         | 1 |  1.8
Shields        | 1 |  1.8
Unarmed Combat | 1 |  1.8
Evocations     | 1 |  1.8
Hexes          | 1 |  1.4
Summonings     | 1 |  1.4
Necromancy     | 1 |  1.4
Translocations | 1 |  1.4
Transmutations | 1 |  1.4
Ice Magic      | 1 |  1.4
Air Magic      | 1 |  1.4
Earth Magic    | 1 |  1.4
Poison Magic   | 1 |  1.4
Dodging        | |  4.9
Stealth        | |  4.5
Fire Magic     | |  5.6

Action                   |  1- 3 |  4- 6 || total
-------------------------+-------+-------++-------
Melee: Unarmed           |     1 |       ||     1
       Whip              |     6 |    10 ||    16
       Bite              |     1 |       ||     1
 Cast: Foxfire           |    70 |    21 ||    91
Armor: Robe              |     5 |     1 ||     6
Dodge: Dodged            |    30 |     4 ||    34

Table legend: (Time is in decaauts)
 A = Elapsed time spent in this place.
 B = Non-inter-level travel time spent in this place.
 C = Inter-level travel time spent in this place.
 D = Time resting spent in this place.
 E = Time spent auto-exploring this place.
 F = Levels seen in this place.
 G = Mean time per level.
                   A        B        C        D        E       F      G
               +--------+--------+--------+--------+--------+-----+--------+
         Total |   2863 |   2773 |     90 |      0 |   2482 |   3 |  954.3 |
       Dungeon |   2863 |   2773 |     90 |      0 |   2482 |   3 |  954.3 |
               +--------+--------+--------+--------+--------+-----+--------+

Top non-repeatable levels by time:
     D:2: 1362 daAuts
     D:1: 1317 daAuts
     D:3: 183 daAuts
